 Dungeon Crawl Stone Soup version 0.18-a0-1643-gb89d9db (webtiles) character file.

42 Magnus the Shooter (level 3, 0/23 HPs)
             Began as a High Elf Arcane Marksman on Mar 28, 2016.
             Was an Initiate of Okawaru.
             Slain by an adder (5 damage)
             ... on level 2 of the Dungeon.
             The game lasted 00:08:33 (1105 turns).

Magnus the Shooter (High Elf Arcane Marksman)       Turns: 1105, Time: 00:08:33

Health: 0/23       AC:  3    Str: 10    XL:     3   Next: 35%
Magic:  5/5        EV: 12    Int: 17    God:    Okawaru [......]
Gold:   17         SH:  0    Dex: 15    Spells: 1 memorised, 3 levels left

rFire  . . .     SeeInvis .     m - +0 falchion
rCold  . . .     Gourm    .     b - +0 robe
rNeg   . . .     Faith    .     (no shield)
rPois  .         Spirit   .     (no helmet)
rElec  .         Dismiss  .     (no cloak)
rCorr  .         Reflect  .     (no gloves)
SustAt .         Harm     .     i - +0 pair of boots
MR     .....                    (no amulet)
Stlth  +.........               (no ring)
                                (no ring)

@: lethally poisoned (0 -> -8), not resistant to hostile enchantments, very
unstealthy
A: no striking features
a: Renounce Religion


You were on level 2 of the Dungeon.
You worshipped Okawaru.
Okawaru was noncommittal.
You were hungry.

You visited 1 branch of the dungeon, and saw 2 of its levels.

You collected 17 gold pieces.

Inventory:

Hand Weapons
 a - a +0 shortbow
 m - a +0 falchion (weapon)
Armour
 b - a +0 robe (worn)
 i - a +0 pair of boots (worn)
Jewellery
 p - a +4 ring of dexterity {unknown}
Scrolls
 e - a scroll of recharging {unknown}
 h - 3 scrolls of identify {unknown}
 o - a scroll of immolation {unknown}
Potions
 g - a potion of degeneration {unknown}
 j - 2 potions of curing {unknown}
 k - a potion of brilliance {unknown}
 l - a potion of ambrosia {unknown}
 n - a potion of heal wounds {unknown}
Books
 c - a book of Debilitation

   Spells                             Type                      Level
   a - Corona                         Hexes                        1
   b - Slow                           Hexes                        2
   c - Gell's Gravitas                Hexes/Translocation          3
   d - Inner Flame                    Hexes/Fire                   3
   e - Cause Fear                     Hexes                        4
   f - Leda's Liquefaction            Hexes/Earth                  4
Comestibles
 f - 2 bread rations


   Skills:
 - Level 1.0 Fighting
 + Level 5.0 Bows
 - Level 2.1 Dodging
 - Level 1.2 Spellcasting
 - Level 3.1 Hexes


You had 3 spell levels left.
You knew the following spells:

 Your Spells              Type           Power        Failure   Level  Hunger
a - Corona                Hex            ##.....      10%         1    ##.....


Dungeon Overview and Level Annotations

Branches:
Dungeon (2/15)

Altars:
Okawaru


Message History

The adder is heavily wounded.
You feel sick. The adder bites you but does no damage.
The adder closely misses you.
You closely miss the adder.
The adder is heavily wounded.
You feel sick. The adder bites you but does no damage. The adder misses you.
You closely miss the adder.
The adder is heavily wounded.
You feel sick. The adder barely misses you.
You closely miss the adder.
The adder is heavily wounded.
You feel sick. The adder misses you. The adder bites you.
* * * LOW HITPOINT WARNING * * *
You are more poisoned.
The adder poisons you!
You barely miss the adder.
The adder is heavily wounded.
* * * LOW HITPOINT WARNING * * *
You feel sick. The adder bites you.
You die...

(. #. #.. $.. #. #.#
...###. #.# ....... #.#
...(.. #.# #
#.#..####.####.#
###..............#
..((..()....############$
...#.....#..S@...........
#######.##############
#...............
#.######.######
#.####..........
#....#.#........
####.#.######### #.#.#
#.#.#


You could see an adder.

Vanquished Creatures
  An adder (D:2)
  A worm (D:2)
  2 dart slugs
  A giant gecko (D:2)
  2 bats
  3 giant cockroaches
  4 goblins
  3 hobgoblins (D:1)
  4 kobolds
  2 rats
23 creatures vanquished.

Notes
Turn   | Place    | Note
--------------------------------------------------------------
     0 | D:1      | Magnus the High Elf Arcane Marksman began the quest for the Orb.
     0 | D:1      | Reached XP level 1. HP: 13/13 MP: 3/3
    94 | D:1      | Reached skill level 3 in Bows
   188 | D:1      | Reached XP level 2. HP: 18/18 MP: 4/4
   193 | D:1      | Found an iron altar of Okawaru.
   210 | D:1      | Became a worshipper of Warmaster Okawaru
   225 | D:1      | Reached skill level 4 in Bows
   766 | D:2      | Reached XP level 3. HP: 17/23 MP: 5/5
  1092 | D:2      | Reached skill level 5 in Bows
  1105 | D:2      | Slain by an adder

Vault maps used:
D:1:      roderic_chinese_lattice_arrival, okawaru_ov_weapons_minmay
D:2:      minmay_overflow_temple_star_quad, first_bread, minivault_14,
          minmay_bad_closet

Skill      XL: |  1  2  3 |
---------------+----------+-----
Bows           | 3 4 5 |  5.0
Fighting       | |  1.0
Dodging        | |  2.1
Spellcasting   | |  1.2
Hexes          | |  3.1

Action                   || total
-------------------------++-------
Melee: Falchion          ||    18
 Fire: Shortbow          ||    74
 Cast: Corona            ||     1
